 Dungeon Crawl Stone Soup version 0.26.0-18-gc5c842f807 (webtiles) character file.

Game seed: 4220564447302596063

56 kaeus the Firebug (level 3, -5/19 HPs)
             Began as a Gargoyle Fire Elementalist on Jan 22, 2021.
             Slain by Natasha (7 damage)
             ... on level 2 of the Dungeon.
             The game lasted 00:01:28 (1054 turns).

kaeus the Firebug (Gargoyle Fire Elementalist)      Turns: 1054, Time: 00:01:29

Health: -5/19      AC:  7    Str: 11    XL:     3   Next: 95%
Magic:  6/6        EV: 11    Int: 22    God:
Gold:   70         SH:  0    Dex: 10    Spells: 5/6 levels left

rFire    . . .     SeeInvis .   d - +1 dagger
rCold    . . .     Faith    .   (no shield)
rNeg     + . .     Spirit   .   b - +1 leather armour
rPois    ∞         Reflect  .   (no helmet)
rElec    +         Harm     .   (no cloak)
rCorr    .         Rampage  .   (no gloves)
Will     .....     Rnd*Tele +   (no boots)
Stlth    ++........             (no amulet)
HPRegen  0.06/turn              f - +6 ring of intelligence
MPRegen  0.10/turn              i - ring of teleportation (curse)

@: no status effects
A: negative energy resistance 1, electricity resistance, unbreathing,
petrification resistance, miasma immunity, AC +3
a: no special abilities


You were on level 2 of the Dungeon.
You visited 1 branch of the dungeon, and saw 2 of its levels.

You collected 70 gold pieces.

Inventory:

Hand Weapons
 d - a +1 dagger (weapon)
Armour
 a - a +0 robe
 b - a +1 leather armour (worn)
Jewellery
 f - a +6 ring of intelligence (left hand)
 h - an uncursed ring of positive energy
 i - a cursed ring of teleportation (right hand)
Scrolls
 c - 2 scrolls of enchant armour
 g - 2 scrolls of identify
 j - a scroll of immolation
Potions
 k - 2 potions of resistance {unknown}


   Skills:
 + Level 1.4 Armour
 - Level 1.5 Dodging
 - Level 2.1 Stealth
 + Level 2.4 Spellcasting
 + Level 2.0 Conjurations
 * Level 3.7 Fire Magic


You had 5 spell levels left.
You knew the following spells:

 Your Spells              Type           Power        Failure   Level
a - Foxfire               Conj/Fire      60%          5%          1

Your spell library contained the following spells:

 Spells                   Type           Power        Failure   Level
 Conjure Flame            Conj/Fire      15%          16%         3
 Inner Flame              Hex/Fire       10%          24%         3
 Sticky Flame             Conj/Fire      15%          45%         4
 Fireball                 Conj/Fire      7%           82%         5


Dungeon Overview and Level Annotations

Branches:
Dungeon (2/15)

Altars:

Annotations:
D:2 Natasha


Innate Abilities, Weirdness & Mutations

You are resistant to torment.
Your stone body is resilient. (AC +3)
You are immune to poison.
You resist negative energy. (rN+)
You are resistant to electric shocks. (rElec)
You can survive without breathing.
You are immune to petrification.
You are immune to miasma.


Message History

Natasha closely misses you. The hobgoblin closely misses you.
You hit Natasha.
Natasha is heavily wounded.
Natasha claws you. The hobgoblin completely misses you.
You take 2 damage, and have 12/19 hp.
You hit Natasha.
Natasha is severely wounded.
Natasha claws you but does no damage. The hobgoblin hits you.
You take 2 damage, and have 10/19 hp.
You hit Natasha.
Natasha is almost dead.
Natasha casts a spell at you. The magic dart hits you!
* * * LOW HITPOINT WARNING * * *
The hobgoblin hits you but does no damage.
You take 8 damage, and have 2/19 hp.
MASSIVE DAMAGE!!
You closely miss Natasha.
Natasha is almost dead.
Natasha claws you!
You die...

.# =#
########'##
#.........#
#.........#
#.........#
'......h..#
♣.@(.#
♣♣.g.#
♣#### ####
#####....
.........


You could see Natasha and a hobgoblin.

Vanquished Creatures
  Natasha (D:2)
  A gnoll (D:1)
  An ooze (D:2)
  A giant cockroach (D:2)
  4 goblins (D:1)
  A hobgoblin (D:1)
  5 bats (D:1)
  5 kobolds (D:1)
19 creatures vanquished.

Vanquished Creatures (collateral kills)
  11 foxfires (D:2)
11 creatures vanquished.

Vanquished Creatures (others)
  55 foxfires
  7 plants (D:2)
62 creatures vanquished.

Grand Total: 92 creatures vanquished

Notes
Turn   | Place    | Note
-------+----------+-------------------------------------------
     0 | D:1      | kaeus the Gargoyle Fire Elementalist began the quest for
                  | the Orb.
     0 | D:1      | Reached XP level 1. HP: 10/10 MP: 3/3
   163 | D:1      | Reached XP level 2. HP: 15/15 MP: 0/5
   411 | D:1      | Reached skill level 1 in Armour
   616 | D:1      | Reached XP level 3. HP: 19/19 MP: 1/6
   883 | D:2      | Noticed Natasha
   904 | D:2      | Killed Natasha
  1045 | D:2      | Noticed Natasha
  1054 | D:2      | Slain by Natasha

Illustrated notes

Levels and vault maps discovered:
D:1:      dpeg_arrival_more_subterranean_lakeside_camping, layout_rooms,
          minmay_misc_feat_nine_boxes, minmay_close_crescents
D:2:      layout_basic, zin_statuary, serial_forest,
          infiniplex_forest_clump_double, infiniplex_forest_corner_2,
          infiniplex_forest_lined_1, infiniplex_forest_end_1,
          infiniplex_forest_corner_2, infiniplex_forest_pool,
          minmay_misc_feat_encased, kennysheep_generic_room_4, uniq_natasha

Skill      XL: |  1  2  3 |
---------------+----------+-----
Armour         | 1 |  1.4
Conjurations   | 2 |  2.0
Dodging        | |  1.5
Stealth        | |  2.1
Spellcasting   | |  2.4
Fire Magic     | |  3.7

Action                   || total
-------------------------++-------
Melee: Dagger            ||    58
 Cast: Foxfire           ||    45
  Use: Scroll            ||     4
 Stab: Sleeping          ||     1
Armor: Leather armour    ||    28
Dodge: Dodged            ||    37
